 Dungeon Crawl Stone Soup version 0.20-a0-432-g25cc1b4 (webtiles) character file.

81 MirrMurr the Cudgeler (level 4, -1/29 HPs)
             Began as a Gargoyle Berserker on Jan 2, 2017.
             Was a Believer of Trog.
             Killed from afar by Sigmund (7 damage)
             ... with a magic dart
             ... on level 2 of the Dungeon.
             The game lasted 00:03:36 (1424 turns).

MirrMurr the Cudgeler (Gargoyle Berserker)          Turns: 1424, Time: 00:03:37

Health: -1/29      AC:  9    Str: 21    XL:     4   Next: 42%
Magic:  4/4        EV: 10    Int:  7    God:    Trog [**....]
Gold:   33         SH:  3    Dex: 10    Spells: 3/3 levels left

rFire  . . .     SeeInvis .     a - +0 mace
rCold  . . .     Gourm    +     l - +0 ring mail
rNeg   + . .     Faith    .     f - +0 buckler
rPois  ∞         Spirit   .     (no helmet)
rElec  +         Reflect  .     (no cloak)
rCorr  .         Harm     .     (no gloves)
MR     .....                    (no boots)
Stlth  ..........               h - amulet of the gourmand
                                (no ring)
                                (no ring)

@: exhausted, slowed, very slow
A: negative energy resistance 1, electricity resistance, unbreathing,
petrification resistance, rot immunity, AC +3
a: Berserk, Trog's Hand, Burn Spellbooks, Renounce Religion


You were on level 2 of the Dungeon.
You worshipped Trog.
Trog was pleased with you.
You were very full.

You visited 1 branch of the dungeon, and saw 2 of its levels.

You collected 33 gold pieces.

Inventory:

Hand Weapons
 a - a +0 mace (weapon)
Missiles
 n - 20 stones (quivered)
Armour
 f - a +0 buckler (worn)
 l - a +0 ring mail (worn)
Jewellery
 h - an amulet of the gourmand (around neck)
Scrolls
 b - a scroll of magic mapping
 g - a scroll of remove curse
Potions
 d - a potion of haste
 e - a potion of resistance {unknown}
 i - 2 potions of heal wounds {unknown}
Comestibles
 c - 3 bread rations
 j - a slice of pizza


   Skills:
 + Level 3.8 Fighting
 * Level 4.2 Maces & Flails
 + Level 2.9 Armour
 + Level 1.7 Dodging
 + Level 0.2 Shields


You had 3 spell levels left.
You didn't know any spells.

Dungeon Overview and Level Annotations

Branches:
Dungeon (2/15)

Altars:

Annotations:
D:2 Sigmund


Innate Abilities, Weirdness & Mutations

You are resistant to torment.
Your stone body is resilient. (AC +3)
You are immune to poison.
You resist negative energy. (rN+)
You are resistant to electric shocks. (rElec)
You can survive without breathing.
You are immune to petrification.
You are immune to rotting.


Message History

You sock Ijyb!
Ijyb is severely wounded.
Ijyb closely misses you.
You barely miss Ijyb.
Ijyb is severely wounded.
Something hits you but does no damage. Ijyb closely misses you.
You sock Ijyb!
You kill Ijyb!
Trog accepts your kill. You block something's attack.
Things that are here:
a dagger of draining; the goblin corpse of Ijyb You barely miss something.
You are no longer berserk.
You are exhausted.
You feel yourself slow down.
You hear some strange, mumbled words.
A magic dart appears from out of thin air!
The magic dart hits you!
You die...

,,,,,,*#...........#..........# #
,,,,,,*#...........#..........# #
.....,*#...............#.##.### #
......*#.............##..##.# #
......*#...........#.#..###.#
.....[##....................#
...............###..........###
......*##.###..####...........###
......* #.##...{@.....).....#....
......###.#..######.....<........
#.#####.....## ####.........#....
...# #..##.#####............#####
#### #.....# #...###...####.# #
##.#####**,##......# #.# # ##..#
**,,##.###..# #.# ## #..##
***,,*#..# #..# ### .###..#
*#..,###.## #..#


There were no monsters in sight!

Vanquished Creatures
  Ijyb (D:2)
  3 adders (D:2)
  An ooze (D:2)
  2 dart slugs (D:1)
  A leopard gecko (D:1)
  3 goblins (D:2)
  2 hobgoblins
  5 bats
  2 frilled lizards
  3 kobolds
  5 rats
28 creatures vanquished.

Notes
Turn   | Place    | Note
-------+----------+-------------------------------------------
     0 | D:1      | MirrMurr the Gargoyle Berserker began the quest for the Orb.
     0 | D:1      | Reached XP level 1. HP: 14/14 MP: 1/1
   343 | D:1      | Reached XP level 2. HP: 16/19 MP: 2/2
   885 | D:2      | Reached XP level 3. HP: 17/24 MP: 3/3
  1064 | D:2      | Noticed Sigmund
  1249 | D:2      | Reached skill level 4 in Maces & Flails
  1359 | D:2      | Reached XP level 4. HP: 23/29 MP: 4/4
  1392 | D:2      | Noticed Ijyb
  1394 | D:2      | Reached ** piety under Trog
  1422 | D:2      | Killed Ijyb
  1424 | D:2      | Killed from afar by Sigmund

Vault maps used:
D:1:      tarquinn_simple_flora_water_c, minmay_strange_pillars
D:2:      first_bread, uniq_sigmund, uniq_iyjb

Skill      XL: |  1  2  3 |
---------------+----------+-----
Maces & Flails | 4 |  4.2
Fighting       | |  3.8
Armour         | |  2.9
Dodging        | |  1.7
Shields        | |  0.2

Action                   |  1- 3 |  4- 6 || total
-------------------------+-------+-------++-------
Melee: Mace              |   104 |    14 ||   118
Invok: Berserk           |     1 |     1 ||     2
  Use: Scroll            |     5 |       ||     5
  Eat: Chunk             |     4 |     7 ||    11
Armor: Leather armour    |    17 |       ||    17
       Ring mail         |    44 |     4 ||    48
Dodge: Dodged            |    59 |     6 ||    65
Block: Buckler           |    10 |     1 ||    11
